 Dungeon Crawl Stone Soup version 0.22.1-2-g9c5b331 (webtiles) character file.

62 MalarOregon the Poker (level 4, 0/35 HPs)
             Began as a Merfolk Skald on Dec 1, 2018.
             Succumbed to a worker ant's poison
             ... on level 2 of the Dungeon.
             The game lasted 00:04:38 (1455 turns).

MalarOregon the Poker (Merfolk Skald)               Turns: 1455, Time: 00:04:38

Health: 0/35       AC:  3    Str: 16    XL:     4   Next: 8%
Magic:  2/7        EV: 13    Int: 13    God:
Gold:   36         SH:  0    Dex: 13    Spells: 1/7 levels left

rFire    . . .     SeeInvis .   a - +0 spear
rCold    . . .     Gourm    .   (no shield)
rNeg     . . .     Faith    .   b - +0 leather armour
rPois    .         Spirit   .   (no helmet)
rElec    .         Reflect  .   (no cloak)
rCorr    .         Harm     .   (no gloves)
MR       .....                  (no boots)
Stlth    ++........             (no amulet)
HPRegen  0.11/turn              h - ring of stealth
MPRegen  0.10/turn              (no ring)

@: mighty, lethally poisoned (0 -> -10)
A: change form in water, swift swim, stealthy swim
a: no special abilities


You were on level 2 of the Dungeon.
You were hungry.

You visited 1 branch of the dungeon, and saw 2 of its levels.

You collected 36 gold pieces.

Inventory:

Hand Weapons
 a - a +0 spear (weapon)
 i - a +0 dagger of venom
   (You took it off a kobold on level 1 of the Dungeon)
Armour
 b - a +0 leather armour (worn)
Jewellery
 h - a ring of stealth (left hand)
   (You found it on level 1 of the Dungeon)
Scrolls
 c - 2 scrolls of blinking {unknown}
 d - a scroll of random uselessness {unknown}
 j - a scroll of remove curse {unknown}
 l - a scroll of fog {unknown}
Potions
 g - a potion of might
 k - a potion of magic {unknown}
Comestibles
 e - a ration {!d}


   Skills:
 * Level 3.1 Fighting
 * Level 4.0 Polearms
 + Level 1.0 Armour
 + Level 3.2 Dodging
 + Level 2.2 Spellcasting
 + Level 3.5 Charms


You had one spell level left.
You knew the following spells:

 Your Spells              Type           Power        Failure   Level  Hunger
a - Infusion              Chrm           ##..         7%          1    ##.....
e - Regeneration          Chrm/Necr      #.........   41%         3    ####...
q - Shroud of Golubria    Chrm/Tloc      #.........   22%         2    ###....

Your spell library contained the following spells:

 Spells                   Type           Power        Failure   Level  Hunger
 Song of Slaying          Chrm           ##......     11%         2    ###....
 Spectral Weapon          Hex/Chrm       #.......     41%         3    ####...


Dungeon Overview and Level Annotations

Branches:
Dungeon (2/15)

Altars:

Annotations:
D:2 exclusion: 2 worms


Message History

You hit the worker ant but do no damage.
Your shroud unravels.
The worker ant bites you.
* * * LOW HITPOINT WARNING * * *
Space distorts slightly along a thin shroud covering your body.
You are feeling hungry.
The worker ant closely misses you.
You hit the worker ant. The worker ant misses you.
You hit the worker ant.
Your shroud bends the worker ant's attack away.
You hit the worker ant.
Your shroud begins to fray at the edges.
Your shroud bends the worker ant's attack away.
You hit the worker ant. The worker ant misses you.
You barely miss the worker ant. The worker ant barely misses you.
You closely miss the worker ant.
Your shroud bends the worker ant's attack away.
You closely miss the worker ant. The worker ant closely misses you.
All of the chunks of flesh in your inventory have rotted away.
Your skin crawls.
The worker ant bites you.
* * * LOW HITPOINT WARNING * * *
You are poisoned.
The worker ant poisons you!
The worker ant bites you but does no damage.
You barely miss the worker ant.
Your shroud unravels.
You feel sick. The worker ant bites you!
* * * LOW HITPOINT WARNING * * *
You hit the worker ant but do no damage.
The worker ant bites you.
* * * LOW HITPOINT WARNING * * *
You closely miss the worker ant.
Your skin is crawling a little less now.
You feel sick. The worker ant barely misses you.
You barely miss the worker ant. The worker ant misses you.
You closely miss the worker ant. The worker ant bites you.
* * * LOW HITPOINT WARNING * * *
You closely miss the worker ant. The worker ant barely misses you.
You barely miss the worker ant.
You feel sick. The worker ant bites you.
* * * LOW HITPOINT WARNING * * *
You are more poisoned.
The worker ant poisons you!
You don't have enough magic to cast that spell.
Your skin stops crawling.
* * * LOW HITPOINT WARNING * * *
You feel sick.
You don't have enough magic to cast that spell.
It was a potion of might.
You feel very mighty all of a sudden.
You die...

#### #########....
####.# #............
.....# #####.#.......###
.#######...(.#.#........
...............+........
.#######.###.###@.......
.# #.# #.#..a....... .#
#.. ..#...#####.# .#
#.##..#...# # )#
####..#...# <# .#...# ##
..... ######


You could see a worker ant.

Vanquished Creatures
  An orc priest (D:1)
  A dart slug (D:1)
  A leopard gecko (D:1)
  2 orcs
  3 bats (D:1)
  2 giant cockroaches (D:1)
  A goblin (D:1)
  4 hobgoblins (D:1)
  4 jackals (D:1)
  4 kobolds (D:1)
  A frilled lizard (D:1)
  A rat (D:1)
25 creatures vanquished.

Notes
Turn   | Place    | Note
-------+----------+-------------------------------------------
     0 | D:1      | MalarOregon the Merfolk Skald began the quest for the Orb.
     0 | D:1      | Reached XP level 1. HP: 16/16 MP: 3/3
   162 | D:1      | Reached XP level 2. HP: 18/23 MP: 5/5
   383 | D:1      | Reached XP level 3. HP: 27/28 MP: 6/6
   958 | D:1      | Learned a level 3 spell: Regeneration
  1185 | D:1      | Learned a level 2 spell: Shroud of Golubria
  1203 | D:1      | Reached skill level 4 in Polearms
  1203 | D:1      | Reached skill level 1 in Armour
  1203 | D:1      | Reached XP level 4. HP: 13/35 MP: 2/7
  1454 | D:2      | HP: 1/35 [poisoned by a worker ant]
  1455 | D:2      | Succumbed to a worker ant's poison

Skill      XL: |  1  2  3 |
---------------+----------+-----
Dodging        | 3 |  3.2
Fighting       | 3 |  3.1
Polearms       | 4 |  4.0
Armour         | 1 |  1.0
Spellcasting   | |  2.2
Charms         | |  3.5

Action                   |  1- 3 |  4- 6 || total
-------------------------+-------+-------++-------
Melee: Spear             |   126 |    27 ||   153
 Cast: Infusion          |     2 |       ||     2
       Regeneration      |     2 |     1 ||     3
       Shroud of Golubri |     1 |     2 ||     3
  Use: Potion            |       |     1 ||     1
 Stab: Sleeping          |     7 |       ||     7
  Eat: Chunk             |       |     2 ||     2
Armor: Leather armour    |    11 |     2 ||    13
Dodge: Dodged            |    57 |    11 ||    68
